 Dungeon Crawl Stone Soup version 0.30.1-11-g7821555f0a (webtiles) character file.

Game seed: 16579610015517383674

11529 comborobin the Severer (level 11, -12/99 HPs)
             Began as a Minotaur Delver on Nov 16, 2023.
             Was an Elder of Okawaru.
             Killed from afar by Jorgrun (40 damage)
             ... with an iron shot
             ... on level 12 of the Dungeon.
             The game lasted 00:11:46 (7212 turns).

comborobin the Severer (Minotaur Delver)            Turns: 7212, Time: 00:11:46

Health: -12/99     AC: 15    Str: 17    XL:     11   Next: 50%
Magic:  12/12      EV:  9    Int:  7    God:    Okawaru [****..]
Gold:   1493       SH:  0    Dex: 16    Spells: 10/10 levels left

rFire   . . .        a - +3 war axe (vamp)
rCold   . . .        (no shield)
rNeg    . . .        H - +1 troll leather armour
rPois   .            (helmet restricted)
rElec   .            u - +2 cloak
rCorr   .            e - +2 pair of gloves
SInv    .            J - +1 pair of boots {rampage}
Will    .....        (no amulet)
Stlth   ++           r - ring of wizardry
HPRegen 1.16/turn    (no ring)
MPRegen 0.13/turn

%: rampage, wizardry (x1)
@: grasped by roots, constricted, studying Fighting
A: horns 2, retaliatory headbutt
a: Renounce Religion, Heroism, Finesse


You were on level 12 of the Dungeon.
You worshipped Okawaru.
Okawaru was greatly pleased with you.
You visited 2 branches of the dungeon, and saw 12 of its levels.

You collected 2169 gold pieces.
You spent 676 gold pieces at shops.

Inventory:

Hand Weapons
 a - a +3 vampiric war axe (weapon)
 b - a +4 battleaxe
 i - a +2 dagger of venom
 t - a +0 war axe
 v - a +0 hand axe
 y - a +2 dire flail of holy wrath
 C - a +1 executioner's axe of freezing
 M - the +7 hand axe of Accord {freeze, rC+ Will+ Int-3}
   (Okawaru gifted it to you on level 12 of the Dungeon)

   Int:       It affects your intelligence (-3).
   rC:        It protects you from cold.
   Will:      It increases your willpower.
 N - a +2 longbow of flaming
Armour
 d - a +0 leather armour
 e - a +2 pair of gloves (worn)
 h - a +2 leather armour of fire resistance
 n - a +1 pair of gloves
 o - a +0 plate armour
 u - a +2 cloak (worn)
 D - +0 steam dragon scales
 F - +0 acid dragon scales
 H - a +1 troll leather armour (worn)
 J - a +1 pair of boots of rampaging (worn)
Jewellery
 r - a ring of wizardry (left hand)
 I - a ring of protection from cold
Wands
 g - a wand of polymorph (16)
 k - a wand of light (12)
 p - a wand of iceblast (6)
 s - a wand of digging (5)
 K - a wand of flame (11)
Scrolls
 c - 3 scrolls of fog
 f - 6 scrolls of identify
 m - 2 scrolls of fear
 x - a scroll of amnesia
 A - 2 scrolls of immolation {unknown}
 B - a scroll of teleportation
 E - a scroll of enchant weapon
 G - 3 scrolls of summoning {unknown}
Potions
 j - 3 potions of curing {unknown}
 l - a potion of cancellation
 q - a potion of heal wounds
 w - 2 potions of haste
 z - 5 potions of flight
 L - a potion of mutation {unknown}


   Skills:
 - Level 10.0 Fighting
 - Level 18.9 Axes
 * Level 6.5 Armour
 - Level 2.1 Dodging
 - Level 4.1 Stealth
 - Level 3.3 Invocations


You had 10 spell levels left.
You didn't know any spells.
Your spell library contained the following spells:

 Spells                   Type           Power      Damage    Failure   Level
 Magic Dart               Conj           0%         1d3       22%         1
 Blink                    Tloc           0%         N/A       32%         2
 Lesser Beckoning         Tloc           0%         N/A       32%         2
 Momentum Strike          Conj/Tloc      0%         3d8       32%         2
 Mephitic Cloud           Conj/Pois/Air  0%         N/A       52%         3
 Call Imp                 Summ           Unusable   N/A       N/A         2

Dungeon Overview and Level Annotations

Branches:
Dungeon (12/15)            Temple (1/1) D:7            Lair (0/5) D:8
    Orc (0/2) D:11

Altars:
Ashenzari
Cheibriados
Dithmenos
Elyvilon
Fedhas
Gozag
Hepliaklqana
Kikubaaqudgha
Makhleb
Nemelex Xobeh
Okawaru
Qazlal
Ru
Sif Muna
Trog
Uskayaw
Vehumet
Wu Jian
Xom
Yredelemnul
Zin
The Shining One

Shops:
D:10 ?

Annotations:
D:11 1 exclusion
D:12 Jorgrun


Innate Abilities, Weirdness & Mutations

You have a pair of horns on your head.
You reflexively headbutt those who attack you in melee.


Message History

You slash Jorgrun!
You feel better.
You headbutt Jorgrun.
Jorgrun is heavily wounded.
Jorgrun hits you with a +0 heavy quarterstaff!
You slash Jorgrun!
Jorgrun is heavily wounded.
You hit Jorgrun but do no damage.
Jorgrun is heavily wounded.
Jorgrun hits you with a +0 heavy quarterstaff!!
You barely miss Jorgrun. Your headbutt misses Jorgrun.
Jorgrun is heavily wounded.
You barely miss Jorgrun. You headbutt Jorgrun, but do no damage.
Jorgrun is heavily wounded.
Jorgrun hits you with a +0 heavy quarterstaff!!
You barely miss Jorgrun. You headbutt Jorgrun.
Jorgrun is heavily wounded.
You slash Jorgrun!
You feel better.
Your headbutt misses Jorgrun.
Jorgrun is severely wounded.
Jorgrun barely misses you.
You slash Jorgrun!
You feel better.
You headbutt Jorgrun, but do no damage.
Jorgrun is severely wounded.
You hit Jorgrun.
You feel better.
Jorgrun is severely wounded.
Jorgrun gestures at you while chanting.
Roots burst forth from the earth!
The grasping roots grab you! The grasping roots constrict you.
You slice Jorgrun!! Your headbutt misses Jorgrun.
Jorgrun is almost dead.
You hit Jorgrun.
You feel better.
Jorgrun is almost dead.
Jorgrun hits you with a +0 heavy quarterstaff!
The grasping roots constrict you!
* * * LOW HITPOINT WARNING * * *
You hit Jorgrun.
You feel better.
Jorgrun is almost dead.
You hit Jorgrun.
Jorgrun is almost dead.
Jorgrun points at you and mumbles some strange words.
The iron shot hits you!!!
You die...

...#.....###............
.........# #.........#..
.......### ##...........
.......######...........
.......#................
(......#................
.....[##..............#.
†...####..............#
....####(.......@.....#
...........###..g##...#
........... #.... .....
.......... #.../. ....
......... ##.#.......
......... #. .......
......... #. .....
....... #. ......
.......


You could see Jorgrun.

Vanquished Creatures
  An orc knight (D:12)
  A mana viper (D:12)
  2 cyclopes
  Maggie (D:10)
  A kobold demonologist (D:9)
  6 trolls
  6 slime creatures (D:11)
  A wyvern (D:10)
  Eustachio (D:4)
  A wraith (D:12)
  2 vampires
  A steam dragon (D:6)
  4 wargs
  3 acid dragons
  Duvessa (D:4)
  16 orc warriors
  3 black bears
  5 ogres (D:11)
  A phantom (D:5)
  5 kobold brigands
  3 bullfrogs
  2 gnoll sergeants
  14 wights
  Dowan (D:4)
  10 killer bees
  A howler monkey (D:6)
  An electric eel (D:8)
  2 hounds
  10 orc priests
  3 sleepcaps (D:6)
  4 iguanas
  Ijyb (D:4)
  Natasha (D:4)
  9 orc wizards
  6 adders
  10 gnolls
  A white imp (D:8)
  2 ufetubi
  A worm (D:4)
  5 dart slugs
  56 orcs
  A bat (D:3)
  An endoplasm (D:3)
  6 goblins
  5 hobgoblins (D:3)
  3 jackals (D:4)
  9 kobolds
  2 quokkas
  A spectral goblin (D:3)
233 creatures vanquished.

Notes
Turn   | Place    | Note
-------+----------+-------------------------------------------
     0 | D:5      | comborobin the Minotaur Delver began the quest for the Orb.
     0 | D:5      | Reached XP level 1. HP: 19/19 MP: 0/0
    69 | D:4      | Reached skill level 3 in Axes
    69 | D:4      | Reached XP level 2. HP: 9/26 MP: 1/1
   147 | D:4      | Reached skill level 4 in Axes
   176 | D:4      | Reached XP level 3. HP: 31/31 MP: 2/2
   183 | D:4      | Noticed Eustachio
   197 | D:4      | Killed Eustachio
   198 | D:4      | Reached skill level 6 in Axes
   198 | D:4      | Reached XP level 4. HP: 39/39 MP: 3/3
   198 | D:4      | Reached XP level 5. HP: 45/45 MP: 4/4
   238 | D:4      | Reached skill level 7 in Axes
   407 | D:4      | Found a stormy altar of Qazlal.
   467 | D:4      | Noticed Natasha
   467 | D:4      | Noticed Ijyb
   475 | D:4      | Killed Ijyb
   476 | D:4      | Reached XP level 6. HP: 37/51 MP: 5/5
   481 | D:4      | Killed Natasha
   665 | D:4      | Reached skill level 8 in Axes
   792 | D:4      | Noticed Dowan
   793 | D:4      | Noticed Duvessa
   801 | D:4      | Killed Duvessa
   802 | D:4      | Reached skill level 9 in Axes
   805 | D:4      | Killed Dowan
   806 | D:4      | Reached XP level 7. HP: 44/57 MP: 6/6
  1060 | D:3      | Found a hazy altar of Hepliaklqana.
  1577 | D:3      | Found a faded altar of an unknown god.
  1993 | D:5      | Reached skill level 10 in Axes
  2413 | D:5      | Identified a scroll of acquirement
  2413 | D:5      | Acquired 784 gold pieces
  2463 | D:6      | Reached skill level 11 in Axes
  2518 | D:6      | Noticed a steam dragon
  2525 | D:6      | Killed a steam dragon
  2526 | D:6      | Reached XP level 8. HP: 60/64 MP: 7/7
  2694 | D:6      | Reached skill level 12 in Axes
  2773 | D:6      | Reached skill level 13 in Axes
  2841 | D:7      | Found a staircase to the Ecumenical Temple.
  2850 | Temple   | Entered the Ecumenical Temple
  2964 | Temple   | Became a worshipper of Warmaster Okawaru
  3421 | D:8      | Reached skill level 14 in Axes
  3421 | D:8      | Reached XP level 9. HP: 70/70 MP: 8/8
  3446 | D:8      | Acquired 741 gold pieces
  3539 | D:8      | Reached * piety under Okawaru
  3583 | D:8      | Reached skill level 15 in Axes
  3709 | D:8      | Acquired a +1 executioner's axe of freezing
  3723 | D:8      | Found a staircase to the Lair.
  3760 | D:8      | Reached skill level 16 in Axes
  4343 | D:9      | Found a basalt altar of Yredelemnul.
  4350 | D:9      | Noticed a troll
  4370 | D:9      | Killed a troll
  4370 | D:9      | Reached ** piety under Okawaru
  4641 | D:9      | Noticed a kobold demonologist
  4650 | D:9      | Noticed a hellwing
  4652 | D:9      | Killed a kobold demonologist
  4653 | D:9      | Reached XP level 10. HP: 77/77 MP: 9/9
  4791 | D:9      | Found a glowing golden altar of the Shining One.
  4821 | D:9      | Reached skill level 17 in Axes
  5144 | D:10     | Entered Level 10 of the Dungeon
  5617 | D:10     | Noticed Maggie
  5633 | D:10     | Killed Maggie
  5633 | D:10     | Reached *** piety under Okawaru
  5770 | D:10     | Reached skill level 18 in Axes
  6061 | D:10     | Found Tuask's Magic Scroll Shop.
  6064 | D:10     | Bought a scroll of acquirement for 676 gold pieces
  6064 | D:10     | Acquired a +1 pair of boots of rampaging
  6117 | D:11     | Noticed a cyclops
  6131 | D:11     | Killed a cyclops
  6149 | D:11     | Reached **** piety under Okawaru
  6160 | D:11     | Reached skill level 1 in Invocations
  6414 | D:11     | Reached skill level 1 in Armour
  6420 | D:11     | Reached skill level 5 in Fighting
  6420 | D:11     | Reached XP level 11. HP: 86/86 MP: 12/12
  6543 | D:11     | Found a staircase to the Orcish Mines.
  6646 | D:11     | Reached ***** piety under Okawaru
  6924 | D:12     | Identified the +7 hand axe of Accord {freeze, rC+ Will+
                  | Int-3} (Okawaru gifted it to you on level 12 of the
                  | Dungeon)
  6924 | D:12     | Received a gift from Okawaru
  6925 | D:12     | Reached skill level 5 in Armour
  6934 | D:12     | Noticed an orc knight
  6948 | D:12     | Killed an orc knight
  7069 | D:12     | Noticed Nessos
  7075 | D:12     | Nessos changed into Nessos the mana viper
  7075 | D:12     | Noticed Nessos
  7080 | D:12     | Killed Nessos the mana viper
  7081 | D:12     | Reached skill level 10 in Fighting
  7191 | D:12     | Noticed Jorgrun
  7212 | D:12     | Killed from afar by Jorgrun

Illustrated notes

Levels and vault maps discovered:
D:2:      layout_rooms
D:3:      layout_basic, nicolae_hepliaklqana_monster_ancestors,
          dilly_ecumenical_altar_fadedgnrine, guppyfry_early_orc_mine
D:4:      layout_basic, kennysheep_mini, uniq_eustachio, uniq_natasha,
          uniq_ijyb, uniq_duvessa
D:5:      layout_rooms, serial_park_tiny_pond
D:6:      wander_river, layout_basic, minmay_misc_feat_room
D:7:      layout_loops_ring, minmay_temple_entry_butterflies,
          nicolae_shop_i_like_big_books
D:8:      layout_basic, erik_lair_orcish_takeover, kennysheep_small_spiral,
          minivault_23, minivault_10
D:9:      layout_loops_ring, lemuel_tele_altar,
          mainiacjoe_overflow_cross_hatched
D:10:     layout_stronghold, serial_shops, shop, minivault_21, uniq_maggie
D:11:     layout_rooms, kennysheep_orc_monster_closet_entryway, special_room
          [special_room_orc], dreamdust_mushroom_princess, minmay_rotating_lava
D:12:     layout_basic, uniq_nessos, uniq_nergalle, uniq_jorgrun
Temple:   nicolae_temple_bog_church

Skill      XL: |  1  2  3  4  5  6  7  8  9 10 11 |
---------------+----------------------------------+-----
Axes           | 3 4 6 7 9 11 14 16 18 | 18.9
Invocations    | 3 |  3.3
Fighting       | 5 10 | 10.0
Armour         | 2 6 |  6.5
Dodging        | |  2.1
Stealth        | |  4.1

Action                     |  1- 3 |  4- 6 |  7- 9 | 10-12 || total
---------------------------+-------+-------+-------+-------++-------
  Melee: Hand axe          |    25 |    53 |    35 |       ||   113
         Headbutt          |     6 |    11 |    49 |    73 ||   139
         Punch             |     1 |       |     1 |     4 ||     6
         Dagger            |       |     2 |       |       ||     2
         War axe           |       |       |   228 |   247 ||   475
         Dire flail        |       |       |    24 |    38 ||    62
         Battleaxe         |       |       |     8 |       ||     8
         Executioner's axe |       |       |     2 |       ||     2
 Invoke: Heroism           |       |       |       |     3 ||     3
  Evoke: Wand              |     3 |       |       |     6 ||     9
    Use: Scroll            |     1 |       |    14 |     3 ||    18
         Potion            |     1 |       |     3 |     9 ||    13
   Stab: Sleeping          |       |       |     8 |     5 ||    13
         Invisible         |       |       |       |    13 ||    13
 Armour: Leather armour    |     5 |    29 |   126 |       ||   160
         Troll leather arm |       |       |     3 |    94 ||    97
         Acid dragon scale |       |       |     3 |       ||     3
  Dodge: Dodged            |    23 |    44 |   177 |   130 ||   374
